 Dungeon Crawl Stone Soup version 0.30.1-11-g7821555f0a (webtiles) character file.

Game seed: 15860900945973943743

13819 Firecrotchwizard the Grappler (level 11, 0/115 HPs)
             Began as a Troll Fighter on Nov 11, 2023.
             Was a High Priest of Okawaru.
             Slain by Urug
             ... wielding a +2 demon trident of flaming
              (7 damage)
             ... in the Arena.
             The game lasted 00:24:06 (9015 turns).

Firecrotchwizard the Grappler (Troll Fighter)       Turns: 9015, Time: 00:24:06

Health: 0/115      AC:  6    Str: 28    XL:     11   Next: 80%
Magic:  7/15       EV: 10    Int:  6    God:    Okawaru [*****.]
Gold:   646        SH: 11    Dex:  9    Spells: 10/10 levels left

rFire   . .          .
                       - Unarmed
rCold   . . .        b - +1 kite shield
rNeg    + . .        J - +0 troll leather armour
rPois   .            K - +0 hat of Hangman {rN+}
rElec   .            (no cloak)
rCorr   .            (gloves unavailable)
SInv    +            (boots unavailable)
Will    .....        B - amulet of faith
Stlth   ++           x - ring of see invisible
HPRegen 1.99/turn    (no ring)
MPRegen 0.14/turn

%: faith
@: heroic, duelling
A: large, unfitting armour, claws 3, regeneration 1, shaggy fur 1, tough skin 1
a: Renounce Religion, Heroism, Finesse, Duel


You were in the Arena.
You worshipped Okawaru.
Okawaru was extremely pleased with you.
You visited 3 branches of the dungeon, and saw 13 of its levels.
You also visited: Gauntlet.

You collected 646 gold pieces.

Inventory:

Hand Weapons
 C - the +2 Maxwell's thermic engine {flame, freeze, rev}
   (You found it on level 3 of the Dungeon)
Missiles
 d - 21 boomerangs (quivered)
 v - 2 throwing nets {@!f}
Armour
 a - a +0 robe
 b - a +1 kite shield (worn)
 J - a +0 troll leather armour (worn)
 K - the +0 hat of Hangman (worn) {rN+}
   (Okawaru gifted it to you on level 10 of the Dungeon)

   rN:        It protects you from negative energy.
 M - a +2 robe of cold resistance
Jewellery
 m - an amulet of regeneration
 x - a ring of see invisible (left claw)
 B - an amulet of faith (around neck)
 L - a ring of ice
Wands
 s - a wand of flame (12)
 z - a wand of polymorph (3)
 D - a wand of iceblast (3)
 I - a wand of mindburst (19)
Scrolls
 g - 3 scrolls of blinking
 i - 3 scrolls of identify
 k - a scroll of vulnerability
 t - 3 scrolls of teleportation
 u - 4 scrolls of fear
 w - 3 scrolls of enchant weapon
 F - 2 scrolls of immolation
Potions
 c - 4 potions of might
 e - a potion of berserk rage
 f - 3 potions of resistance
 h - 4 potions of curing
 l - a potion of lignification {unknown}
 n - a potion of degeneration
 o - a potion of ambrosia
 p - a potion of haste {unknown}
 q - 5 potions of brilliance
 r - 4 potions of attraction
 y - 2 potions of magic
 E - a potion of cancellation {unknown}
 G - a potion of mutation {unknown}
 H - a potion of heal wounds


   Skills:
 + Level 9.3(14.3) Fighting
 - Level 2.4(7.4) Dodging
 - Level 5.3(10.3) Shields
 * Level 13.2(18.2) Unarmed Combat
 + Level 7.2 Invocations


You had 10 spell levels left.
You didn't know any spells.
Your spell library contained the following spells:

 Spells                   Type           Power      Damage    Failure   Level
 Blink                    Tloc           0%         N/A       80%         2
 Lesser Beckoning         Tloc           0%         N/A       80%         2
 Momentum Strike          Conj/Tloc      0%         3d8       80%         2
 Frozen Ramparts          Ice            0%         1d1       95%         3
 Inner Flame              Hex/Fire       0%         N/A       95%         3
 Flame Wave               Conj/Fire      0%         2d4       100%        4
 Ice Form                 Ice/Tmut       0%         N/A       100%        4
 Sticky Flame             Conj/Fire      0%         2d3       100%        4
 Summon Small Mammal      Summ           Unusable   N/A       N/A         1
 Call Canine Familiar     Summ           Unusable   N/A       N/A         3
 Summon Guardian Golem    Hex/Summ       Unusable   N/A       N/A         3
 Summon Ice Beast         Ice/Summ       Unusable   N/A       N/A         4

Dungeon Overview and Level Annotations

Branches:
Dungeon (11/15)            Temple (1/1) D:7            Lair (1/5) D:9
    Orc (0/2) D:9         Gauntlet (visited)

Altars:
Ashenzari
Cheibriados
Dithmenos
Elyvilon
Fedhas
Gozag
Hepliaklqana
Kikubaaqudgha
Makhleb
Nemelex Xobeh
Okawaru
Qazlal
Ru
Sif Muna
Trog
Uskayaw
Vehumet
Wu Jian
Xom
Yredelemnul
Zin
The Shining One

Annotations:
D:3 3 runed translucent doors, Jingleheimer's ghost, amateur OpTm
D:8 2 runed translucent doors Arena Urug


Innate Abilities, Weirdness & Mutations

You are too large for most types of armour.
You have claws for hands.
Your natural rate of healing is unusually fast.
You are covered in fur. (AC +1)
You have tough skin. (AC +1)


Message History

Okawaru accepts your kill.
No target in view!
HP restored.
Things that are here:
a +0 giant spiked club; a +0 giant club; a two-headed ogre corpse You now have 646 gold pieces (gained 20).
A wraith comes into view.
The wraith completely misses you.
You scratch the wraith but do no damage.
The wraith hits you but does no damage.
You closely miss the wraith. The wraith hits you.
The wraith drains your vigour!
You feel yourself slow down.
You barely miss the wraith. The wraith hits you but does no damage.
You barely miss the wraith. You block the wraith's attack.
You barely miss the wraith. The wraith closely misses you. The wraith hits you.
The wraith drains your vigour!
You feel as though you will be slow longer.
Unknown command.
You completely miss the wraith. The wraith hits you!
You mangle the wraith!!
The wraith is severely damaged.
The wraith hits you! The wraith drains your vigour!
You feel as though you will be slow longer.
You mangle the wraith!!
You destroy the wraith!
Okawaru accepts your kill.
There is an escape hatch in the ceiling here.
A mysterious force pulls you upwards. The hatch slams shut behind you.
You start resting.
HP restored.
(D) Dungeon (T) Temple (L) Lair (O) Orcish Mines
Where to? (Enter - D:11, ? - help)
What level of the Lair of Beasts? (default 1, ? - help)
There is an open door here.
You feel yourself speed up.
There is a stone staircase leading down, spattered with blood here.
There is an open door here.
There is a stone staircase leading up here.
You climb upwards.
There is a stone staircase leading down here.
Things that are here:
a +0 robe; a +0 dagger; a +0 flail
Items here: )) [[.
Things that are here:
a +0 mace; a +0 plate armour; a +1 long sword of freezing You see here a +0 short sword.
There is a staircase to the Lair here.
You climb downwards.
Welcome to the Lair of Beasts!
Urug shouts!
The cane toad croaks.
There is a staircase back to the Dungeon here.
There are monsters nearby!
Aiming: Duel (36% risk of failure)
Press: ? - help, Dir - move target, f - Urug
Aim: Urug, wielding a +2 demon trident of flaming, wearing a +0 scale mail and quivering javelins You enter into single combat with Urug!
The world spins around you as you enter the gateway.
You enter Okawaru's Arena!
The spectator shouts! x12
Found a gate leading back out of this place.
There is an empty arch of ancient stone here.
You gain the combat prowess of a mighty hero.
* * * LOW MAGIC WARNING * * *
Urug misses you.
You closely miss Urug. Urug barely misses you.
You scratch Urug.
Urug is lightly wounded.
Urug hits you with a +2 demon trident of flaming!!
Urug burns you!
You scratch Urug but do no damage.
Urug is lightly wounded.
Urug barely misses you.
You scratch Urug.
Urug is lightly wounded.
You barely miss Urug.
Urug is lightly wounded.
You block Urug's attack.
You closely miss Urug.
Urug is lightly wounded.
Urug hits you with a +2 demon trident of flaming!!
Urug burns you!
* * * LOW HITPOINT WARNING * * *
You claw Urug!
Urug is moderately wounded.
Urug hits you with a +2 demon trident of flaming!!
* * * LOW HITPOINT WARNING * * *
Urug burns you.
* * * LOW HITPOINT WARNING * * *
You mangle Urug!!
Urug is severely wounded.
You mangle Urug!!
Urug is almost dead.
Urug stares with her one eyeball.
Urug barely misses you.
You barely miss Urug.
Urug is almost dead.
Urug hits you with a +2 demon trident of flaming!!
* * * LOW HITPOINT WARNING * * *
Urug burns you!
You die...
Okawaru crowns Urug victorious!

###########
#...ppp...#
#.▓▓▓▓▓▓▓.#
#p▓.....▓p#
#p▓.....▓p#
#p▓..@..▓p#
#p▓...o.▓p#
#p▓.....▓p#
#.▓▓▓▓▓▓▓.#
#..p▓∩▓p..#
###########


You could see Urug.

Vanquished Creatures
  Fannar (D:10)
  A boulder beetle (D:11)
  2 two-headed ogres
  A gargoyle (D:8)
  A komodo dragon (D:9)
  A troll (D:9)
  A hornet (D:8)
  A shadow (D:8)
  31 yaks
  7 wraiths
  2 fire bats (D:8)
  2 steam dragons
  Menkaure (D:5)
  A water moccasin (D:8)
  3 black bears
  An ice beast (D:7)
  6 orc warriors
  An ogre (D:5)
  A centaur (D:10)
  2 phantoms
  A kobold brigand (D:6)
  6 bullfrogs
  A gnoll sergeant (D:7)
  7 scorpions
  13 wights
  5 killer bees
  A howler monkey (D:9)
  2 jellies (D:4)
  6 orc priests
  A gnoll bouda (D:4)
  7 iguanas
  11 orc wizards
  Natasha (twice) (D:2)
  6 adders
  8 gnolls
  3 ufetubi
  3 worms
  3 dart slugs (D:1)
  47 orcs
  7 ball pythons
  8 endoplasms
  A giant cockroach (D:1)
  6 goblins
  11 hobgoblins
  7 jackals (D:4)
  2 quokkas
  17 bats
  3 frilled lizards
  A goblin skeleton (D:8)
  12 kobolds
  4 rats
279 creatures vanquished.

Vanquished Creatures (others)
  A killer bee (D:8)
  An orc (D:9)
2 creatures vanquished.

Grand Total: 281 creatures vanquished

Notes
Turn   | Place    | Note
-------+----------+-------------------------------------------
     0 | D:1      | Firecrotchwizard the Troll Fighter began the quest for the
                  | Orb.
     0 | D:1      | Reached XP level 1. HP: 22/22 MP: 0/0
   126 | D:1      | Reached XP level 2. HP: 29/29 MP: 1/1
   150 | D:1      | Found a faded altar of an unknown god.
   442 | D:1      | Reached skill level 3 in Unarmed Combat
   526 | D:1      | Reached XP level 3. HP: 32/36 MP: 2/2
   626 | D:2      | Noticed Natasha
   633 | D:2      | Killed Natasha
   675 | D:2      | Reached XP level 4. HP: 43/45 MP: 3/3
   794 | D:2      | Found an ancient bone altar of Kikubaaqudgha.
   843 | D:2      | Noticed Natasha
   855 | D:2      | Killed Natasha
   856 | D:2      | Reached skill level 4 in Unarmed Combat
  1106 | D:3      | Found the +2 Maxwell's thermic engine {flame, freeze, rev}
  1395 | D:3      | Found a shimmering blue altar of Sif Muna.
  1569 | D:3      | Found a runed translucent gate.
  1569 | D:3      | Found a runed translucent gate.
  1569 | D:3      | Found a runed translucent gate.
  1569 | D:3      | Noticed a kobold brigand
  1570 | D:3      | Noticed Jingleheimer's ghost (amateur OpTm)
  1659 | D:3      | Reached XP level 5. HP: 53/53 MP: 4/4
  2394 | D:4      | Reached skill level 5 in Unarmed Combat
  2452 | D:4      | Reached XP level 6. HP: 60/62 MP: 5/5
  2584 | D:4      | Identified the +2 long sword of Eternal Vigilance {speed,
                  | rF+}
  2951 | D:4      | Reached skill level 6 in Unarmed Combat
  2970 | D:4      | Reached XP level 7. HP: 66/70 MP: 6/6
  3185 | D:5      | Entered Level 5 of the Dungeon
  3304 | D:5      | Reached skill level 7 in Unarmed Combat
  3542 | D:5      | Reached skill level 5 in Fighting
  3752 | D:6      | Noticed Menkaure
  3762 | D:5      | Killed Menkaure
  3763 | D:5      | Reached skill level 8 in Unarmed Combat
  3763 | D:5      | Reached XP level 8. HP: 69/80 MP: 7/7
  4075 | D:7      | Identified the +4 trident of Exchange {pain, Stlth+}
  4099 | D:7      | Found a staircase to the Ecumenical Temple.
  4112 | Temple   | Entered the Ecumenical Temple
  4201 | Temple   | Became a worshipper of Warmaster Okawaru
  4322 | D:7      | Found a shimmering altar of Xom.
  4361 | D:7      | Reached XP level 9. HP: 53/85 MP: 8/8
  4446 | D:7      | Reached skill level 1 in Invocations
  5111 | D:6      | Found a glowing golden altar of the Shining One.
  5111 | D:6      | Found a sacrificial altar of Ru.
  5217 | D:8      | Reached * piety under Okawaru
  5360 | D:8      | Reached skill level 5 in Shields
  5667 | D:8      | Noticed a gargoyle
  5794 | D:8      | Killed a gargoyle
  5794 | D:8      | Reached ** piety under Okawaru
  5795 | D:8      | Reached skill level 9 in Unarmed Combat
  6027 | D:8      | Found a runed translucent door.
  6029 | D:8      | Found a basalt altar of Yredelemnul.
  6112 | D:8      | Found an ancient bone altar of Kikubaaqudgha.
  6155 | D:8      | Found a runed translucent door.
  6164 | D:8      | Found a broken altar of Ashenzari.
  6176 | D:8      | Found a burning altar of Makhleb.
  6176 | D:8      | Found an ancient bone altar of Kikubaaqudgha.
  6227 | D:8      | Reached *** piety under Okawaru
  6228 | D:8      | Reached XP level 10. HP: 98/102 MP: 12/12
  6268 | D:8      | Found a shadowy altar of Dithmenos.
  6272 | D:8      | Reached skill level 10 in Unarmed Combat
  6313 | D:8      | Found a sacrificial altar of Ru.
  6447 | D:9      | Found a staircase to the Lair.
  6452 | D:9      | Reached **** piety under Okawaru
  6745 | D:9      | Reached skill level 5 in Invocations
  6755 | D:9      | Reached ***** piety under Okawaru
  6763 | D:9      | Reached skill level 11 in Unarmed Combat
  6780 | D:9      | Noticed a two-headed ogre
  6789 | D:9      | Killed a two-headed ogre
  7346 | D:9      | Found a staircase to the Orcish Mines.
  7493 | D:10     | Entered Level 10 of the Dungeon
  7505 | D:10     | Found an ancient bone altar of Kikubaaqudgha.
  7648 | D:10     | Reached XP level 11. HP: 113/113 MP: 11/14
  7781 | D:10     | Reached skill level 12 in Unarmed Combat
  8118 | D:10     | Identified the +0 hat of Hangman {rN+} (Okawaru gifted it
                  | to you on level 10 of the Dungeon)
  8118 | D:10     | Received a gift from Okawaru
  8428 | D:11     | Noticed Fannar
  8485 | D:10     | Killed Fannar
  8538 | D:11     | Found a gate leading to a gauntlet.
  8552 | Gauntlet | Entered a Gauntlet
  8552 | Gauntlet | Found a transporter.
  8552 | Gauntlet | Found a transporter.
  8552 | Gauntlet | Found a transporter.
  8562 | Gauntlet | Found a transporter.
  8566 | Gauntlet | Found a transporter.
  8571 | Gauntlet | Found a runed translucent gate.
  8571 | Gauntlet | Found a runed translucent gate.
  8571 | Gauntlet | Found a runed translucent gate.
  8573 | Gauntlet | Found a transporter.
  8576 | Gauntlet | Found a transporter.
  8580 | Gauntlet | Noticed a reaper
  8587 | Gauntlet | Found a transporter.
  8603 | Gauntlet | Found a transporter.
  8609 | Gauntlet | Found a transporter.
  8611 | Gauntlet | Found a transporter.
  8612 | Gauntlet | Noticed an oklob plant
  8621 | Gauntlet | Found a transporter.
  8676 | Gauntlet | Noticed a necromancer
  8807 | D:11     | Noticed a boulder beetle
  8828 | D:11     | Killed a boulder beetle
  8829 | D:11     | Reached skill level 13 in Unarmed Combat
  8830 | D:11     | Noticed a two-headed ogre
  8876 | D:11     | Identified the +0 robe of Zin's Fury {Int+3}
  8884 | D:11     | Killed a two-headed ogre
  9003 | Lair:1   | Entered Level 1 of the Lair of Beasts
  9003 | Lair:1   | Noticed Urug
  9004 | Arena    | Entered the Arena
  9015 | Arena    | Slain by Urug

Illustrated notes

Levels and vault maps discovered:
D:1:      co_arrival_square_in_a_square_in_a_square, layout_loops_cross,
          ebering_ecumenical_altar_mist, minmay_cut_off
D:2:      layout_rooms, basic_altar, uniq_natasha
D:3:      layout_loops_ring, led_sif_pool, gammafunk_ghost_nasty_kobolds,
          minmay_misc_feat_room, chequers_decorated_corner,
          mrwooster_statue_mirror
D:4:      minmay_spotlight, layout_cave_pods
D:5:      layout_rooms, hangedman_decor_clover_reticule, kennysheep_dice
D:6:      layout_cave_pools, nicolae_overflow_two_pavilions, uniq_menkaure
D:7:      layout_loops_cross, xom_teletrap_fun, minmay_temple_entry_tees
D:8:      due_megacathedral, layout_cave_pools, dk_yredelemnul_ordeal
D:9:      layout_loops_corners, due_lair_maze_entry_diamond, orc_0_dummy
D:10:     layout_gridville, kiku_gazebo_garden_becter
D:11:     layout_rooms, gauntlet_entry_generic, uniq_fannar
Temple:   lightli_temple_of_artemis
Lair:1:   layout_regular_city, uniq_urug
Arena

Skill      XL: |  1  2  3  4  5  6  7  8  9 10 11 |
---------------+----------------------------------+-----
Unarmed Combat | 3 4 5 6 8 9 11 13 | 13.2
Fighting       | 3 4 5 6 7 8 9 |  9.3
Shields        | 4 5 |  5.3
Invocations    | 4 5 7 |  7.2
Dodging        | |  2.4

Action                     |  1- 3 |  4- 6 |  7- 9 | 10-12 || total
---------------------------+-------+-------+-------+-------++-------
  Melee: Unarmed           |    60 |   190 |   284 |   351 ||   885
 Invoke: Heroism           |       |       |       |     6 ||     6
         Finesse           |       |       |       |     1 ||     1
         Duel              |       |       |       |     1 ||     1
  Evoke: Wand              |       |       |       |     8 ||     8
    Use: Scroll            |       |       |    19 |     3 ||    22
   Stab: Distracted        |       |       |     1 |       ||     1
         Invisible         |       |       |       |     1 ||     1
 Armour: Robe              |    19 |    60 |    69 |    29 ||   177
         Troll leather arm |       |       |       |    28 ||    28
  Dodge: Dodged            |    17 |    55 |   118 |    86 ||   276
  Block: Kite shield       |    14 |    63 |   131 |   131 ||   339
